 Dungeon Crawl Stone Soup version 0.20-a0-386-g2d247ea (webtiles) character file.

32299 Kidiri the Thaumaturge (level 13, -1/65 HPs)
             Began as a Deep Elf Fire Elementalist on Dec 29, 2016.
             Was a High Priest of Vehumet.
             Slain by an orc warrior
             ... wielding a +0 halberd
              (20 damage)
             ... on level 1 of the Orcish Mines.
             The game lasted 01:00:40 (18891 turns).

Kidiri the Thaumaturge (DEFE)                      Turns: 18891, Time: 01:00:40

Health: -1/65      AC: 15    Str:  7    XL:     13   Next: 30%
Magic:  2/32       EV: 23    Int: 26    God:    Vehumet [*****.]
Gold:   916        SH:  0    Dex: 20    Spells: 5/39 levels left

rFire  + . .     SeeInvis +     c - +12 dagger "Laulon" {pierce, *Rage rPois rN+}
rCold  + . .     Gourm    .     C - +1 robe of Cheibriados's Hope {*Contam rF+ rC+ Regen+}
rNeg   + . .     Faith    .     (no shield)
rPois  +         Spirit   .     (no helmet)
rElec  .         Reflect  .     F - +2 cloak {+Inv}
rCorr  .         Harm     .     B - +2 pair of gloves
MR     +....     Rnd*Rage +     I - +2 pair of boots {Fly}
Stlth  +++.......               (no amulet)
                                O - +4 ring of strength
                                j - +3 ring of protection

@: agile, very slightly contaminated, hasted, studying Translocations, very
quick
A: see invisible, deformed body, frail 1, weak 1, sturdy frame 1
a: Renounce Religion, Evoke Invisibility, Evoke Flight


You were on level 1 of the Orcish Mines.
You worshipped Vehumet.
Vehumet was extremely pleased with you.
You were not hungry.

You visited 4 branches of the dungeon, and saw 19 of its levels.

You collected 1385 gold pieces.
You spent 469 gold pieces at shops.

Inventory:

Hand Weapons
 c - the +12 dagger "Laulon" (weapon) {pierce, *Rage rPois rN+}
   (You took it off a centaur on level 6 of the Dungeon)

   It inflicts extra damage upon your enemies.
   It protects you from poison.
   It protects you from negative energy.
   It may make you go berserk in combat.
Armour
 o - +0 storm dragon scales
 B - a +2 pair of gloves (worn)
 C - the +1 robe of Cheibriados's Hope (worn) {*Contam rF+ rC+ Regen+}
   (You bought it in a shop on level 8 of the Dungeon)

   It protects you from fire.
   It protects you from cold.
   It causes magical contamination when unequipped.
   It increases your rate of regeneration.
 F - a +2 cloak of invisibility (worn)
 I - a +2 pair of boots of flying (worn)
Magical Staves
 z - an uncursed staff of earth
 A - an uncursed staff of wizardry
Jewellery
 b - an uncursed ring of protection from fire
 j - a +3 ring of protection (left hand)
 n - an uncursed ring of magical power
 t - an uncursed amulet of guardian spirit
 O - a +4 ring of strength (right hand)
Wands
 p - a wand of paralysis (9/24)
 s - a wand of paralysis (0/24)
 x - a wand of disintegration (8/24)
 y - a wand of random effects (24/48)
 H - a wand of iceblast (5/15)
 L - a wand of paralysis (14/24)
 M - a wand of random effects (26/48)
 T - a wand of slowing (28/48)
Scrolls
 h - 4 scrolls of teleportation
 l - 6 scrolls of remove curse
 r - 3 scrolls of fog
 Q - a scroll of amnesia
Potions
 a - 3 potions of brilliance
 d - 4 potions of lignification
 e - 4 potions of haste
 g - 2 potions of agility
 k - 2 potions of berserk rage
 E - a potion of ambrosia
 G - 4 potions of resistance
 J - a potion of might
 K - a potion of flight
 R - a potion of degeneration {unknown}
Books
 w - a manual of Translocations
 D - a Young Poisoner's Handbook

   Spells                             Type                      Level
   a - Sting                          Conjuration/Poison           1
   b - Mephitic Cloud                 Conjuration/Poison/Air       3
   c - Olgreb's Toxic Radiance        Poison                       4
   d - Alistair's Intoxication        Transmutation/Poison         5
   e - Venom Bolt                     Conjuration/Poison           5
 P - a book of Geomancy

   Spells                             Type                      Level
   a - Sandblast                      Earth                        1
   b - Passwall                       Transmutation/Earth          2
   c - Stone Arrow                    Conjuration/Earth            3
   d - Petrify                        Transmutation/Earth          4
   e - Lee's Rapid Deconstruction     Earth                        5
Comestibles
 f - 8 bread rations
 q - 5 meat rations
 N - 8 slices of pizza


   Skills:
 + Level 5.5 Fighting
 + Level 6.7 Short Blades
 + Level 5.1 Armour
 + Level 8.0 Dodging
 - Level 2.4 Stealth
 * Level 13.8 Spellcasting
 + Level 8.6 Conjurations
 + Level 8.7 Fire Magic
 + Level 4.3 Ice Magic
 + Level 4.8 Air Magic
 + Level 5.7 Earth Magic
 + Level 5.4 Poison Magic
 + Level 6.6 Evocations


You had 5 spell levels left.
You knew the following spells:

 Your Spells              Type           Power        Failure   Level  Hunger
a - Flame Tongue          Conj/Fire      #####        1%          1    None
b - Throw Flame           Conj/Fire      ######       1%          2    None
c - Conjure Flame         Conj/Fire      ######..     1%          3    None
d - Inner Flame           Hex/Fire       #####...     1%          3    None
e - Sticky Flame          Conj/Fire      ######..     1%          4    None
f - Fireball              Conj/Fire      ######....   1%          5    ##.....
g - Mephitic Cloud        Conj/Pois/Air  ######..     1%          3    None
h - Venom Bolt            Conj/Pois      ######....   1%          5    ##.....
i - Sandblast             Erth           #####.       1%          1    None
j - Stone Arrow           Conj/Erth      ######       1%          3    None
k - Throw Icicle          Conj/Ice       ######..     1%          4    None


Dungeon Overview and Level Annotations

Branches:
Dungeon (11/15)            Temple (1/1) D:4            Lair (5/6) D:11
  Swamp (0/4) Lair:4       Spider (0/4) Lair:2          Orc (2/2) D:11
    Elf (0/3) Orc:2
  Slime: Lair:5-6

Altars:
Ashenzari
Cheibriados
Dithmenos
Elyvilon
Fedhas
Gozag
Hepliaklqana
Kikubaaqudgha
Makhleb
Nemelex Xobeh
Okawaru
Qazlal
Ru
Sif Muna
Trog
Uskayaw
Vehumet
Xom
Yredelemnul
Zin
The Shining One

Shops:
D:7 (   D:8 [

Annotations:
Lair:5 Gorice's ghost, journeyman KoAM


Innate Abilities, Weirdness & Mutations

You have supernaturally acute eyesight. (SInv)
Armour fits poorly on your strangely shaped body.
You are frail. (-10% HP)
You are weak. (Str -2)
Your movements are slightly less encumbered by armour. (ER -2)


Message History

Unknown command.
You feel better. The orc hits you with a dagger.
Unknown command.
You barely miss the orc. The orc closely misses you.
The orc warrior hits you from afar with a halberd!
* * * LOW HITPOINT WARNING * * *
A troll comes into view.
Unknown command.
The orc completely misses you.
The orc warrior hits you with a halberd.
* * * LOW HITPOINT WARNING * * *
Unknown command.
You feel yourself speed up. The white imp gestures at you.
The puff of frost hits you! The orc closely misses you.
You are very lightly contaminated with residual magic.
You feel agile all of a sudden. The white imp closely misses you.
The orc warrior hits you with a halberd!!
You die...

**,,,,,,,,,,,,,,,,*
,,,,,,∩,,,,,,,,...###
,,,,,,,,,*,,,,,...#.##
,,,,,,,,,*,,,,*...#..##
,,*,,,.5#...,,*#......##
,,*,*oo.#...*,*#.......##
*****,......####........#
,**,,,,......##........#*
,,*,,,,*#.....#5@.....#*
,,,,,,,**...)..oo....##
,,,,,,,**#.#.T......##
,,,,,*** **#>.....###
,,,,,,* ###..### ,,,,,**
#.$# *,,*** #### ****


You could see a troll (wandering), an orc warrior, a white imp and an orc.

Vanquished Creatures
  4 hydras
  Harold (Lair:3)
  A catoblepas (Lair:2)
  A two-headed ogre (D:8)
  A queen ant (Lair:3)
  A death yak (Lair:5)
  An orc high priest (Orc:2)
  Sonja (Lair:1)
  An unseen horror (D:11)
  2 orc knights
  Pikel (D:9)
  A cyclops (Orc:1)
  An orc sorcerer (Orc:2)
  Maurice (D:9)
  A black mamba (Lair:2)
  Joseph (D:8)
  2 spiny frogs
  A rime drake (Lair:1)
  11 komodo dragons
  A troll (D:10)
  2 hornets
  2 hippogriffs
  5 blink frogs (Lair:2)
  3 hogs (D:11)
  A wraith (D:11)
  19 yaks
  3 hungry ghosts
  3 basilisks
  2 wyverns
  A human (D:11)
  5 swamp worms (Lair:4)
  2 wargs
  15 soldier ants (Lair:3)
  5 water moccasins
  2 hell hounds (D:11)
  6 porcupines
  9 orc warriors
  A sky beast (D:6)
  An eye of draining (D:10)
  2 slaves (D:9)
  4 phantoms
  9 wolves
  3 ice beasts
  2 black bears
  5 ogres
  6 centaurs
  4 crocodiles
  14 bullfrogs
  A wyvern zombie (D:7)
  3 scorpions
  A water moccasin skeleton (D:11)
  4 killer bees (D:11)
  A howler monkey (D:5)
  5 electric eels
  3 crimson imps
  4 jellies
  A centaur skeleton (D:5)
  9 orc priests
  Crazy Yiuf (D:4)
  2 hounds
  4 bullfrog skeletons
  Natasha (thrice) (D:4)
  39 worker ants
  20 orc wizards
  9 iguanas
  A hound zombie (D:9)
  A hound skeleton (D:8)
  A howler monkey zombie (D:11)
  5 adders
  2 shadow imps (D:7)
  A white imp (Orc:1)
  An ooze (D:2)
  An adder skeleton (D:5)
  A worm (D:2)
  3 dart slugs
  9 leopard geckos
  55 orcs
  6 giant cockroaches
  7 goblins
  11 hobgoblins
  14 jackals
  A quokka (D:4)
  2 ball pythons (D:3)
  7 bats
  A frilled lizard (D:1)
  A jackal zombie (D:7)
  3 kobolds
  A quokka skeleton (D:7)
  3 rats
  A plant (D:1)
420 creatures vanquished.

Vanquished Creatures (others)
  6 fungi
  3 plants (Lair:2)
9 creatures vanquished.

Grand Total: 429 creatures vanquished

Notes
Turn   | Place    | Note
-------+----------+-------------------------------------------
     0 | D:1      | Kidiri the Deep Elf Fire Elementalist began the quest for the Orb.
     0 | D:1      | Reached XP level 1. HP: 10/10 MP: 6/6
   442 | D:1      | Reached XP level 2. HP: 15/15 MP: 6/8
   446 | D:1      | Learned a level 2 spell: Throw Flame
  1198 | D:2      | Reached XP level 3. HP: 19/19 MP: 3/10
  1205 | D:2      | Reached skill level 4 in Spellcasting
  1256 | D:2      | Learned a level 3 spell: Conjure Flame
  1260 | D:2      | Learned a level 3 spell: Inner Flame
  1668 | D:2      | Reached XP level 4. HP: 24/24 MP: 6/12
  2243 | D:3      | Reached skill level 5 in Spellcasting
  2249 | D:3      | Learned a level 4 spell: Sticky Flame
  2661 | D:3      | Reached XP level 5. HP: 28/28 MP: 6/14
  2784 | D:4      | Noticed an ogre
  2790 | D:4      | Killed an ogre
  2897 | D:4      | Noticed an ogre
  2909 | D:4      | Killed an ogre
  2909 | D:4      | Reached skill level 6 in Spellcasting
  2909 | D:4      | Reached XP level 6. HP: 32/32 MP: 9/17
  3005 | D:4      | Found a staircase to the Ecumenical Temple.
  3006 | D:4      | Noticed Natasha
  3012 | D:4      | Killed Natasha
  3012 | D:4      | Reached skill level 5 in Fire Magic
  3017 | D:4      | Noticed Natasha
  3021 | D:4      | Killed Natasha
  3030 | Temple   | Entered the Ecumenical Temple
  3281 | D:4      | Noticed Natasha
  3284 | D:4      | Killed Natasha
  3415 | D:4      | Found a runed door.
  3496 | D:4      | Reached skill level 7 in Spellcasting
  3674 | D:4      | Noticed Crazy Yiuf
  3676 | D:4      | Killed Crazy Yiuf
  3676 | D:4      | Reached XP level 7. HP: 36/36 MP: 19/19
  3792 | D:5      | Entered Level 5 of the Dungeon
  3822 | D:5      | Learned a level 5 spell: Fireball
  3929 | D:5      | Noticed a hungry ghost
  3938 | D:5      | Killed a hungry ghost
  3938 | D:5      | Reached skill level 1 in Short Blades
  4378 | D:5      | Reached skill level 1 in Fighting
  4382 | D:5      | Reached skill level 1 in Armour
  4560 | D:5      | Reached skill level 8 in Spellcasting
  4757 | D:6      | Reached XP level 8. HP: 35/43 MP: 22/22
  4762 | D:6      | Gained mutation: You have supernaturally acute eyesight. (SInv) [mutagenic meat]
  4763 | D:6      | Gained mutation: Armour fits poorly on your strangely shaped body. [mutagenic meat]
  4800 | D:6      | Reached skill level 1 in Evocations
  5136 | D:6      | Reached skill level 5 in Conjurations
  5139 | D:6      | Got an uncursed pitted dagger {pierce}
  5142 | D:6      | Identified the +12 dagger "Laulon" {pierce, *Rage rPois rN+} (You took it off a centaur on level 6 of the Dungeon)
  5766 | D:7      | Found a snail-covered altar of Cheibriados.
  5843 | D:7      | Found Eliklim's Antique Weapon Shop.
  5979 | D:7      | Reached skill level 9 in Spellcasting
  6258 | D:7      | Found an ancient bone altar of Kikubaaqudgha.
  6267 | D:7      | Found a hazy altar of Hepliaklqana.
  6268 | D:7      | Found a radiant altar of Vehumet.
  6273 | D:7      | Became a worshipper of Vehumet
  6385 | D:7      | Found a shimmering altar of Xom.
  6493 | D:7      | Reached XP level 9. HP: 30/48 MP: 23/24
  7216 | D:8      | Noticed Joseph
  7254 | D:8      | Reached skill level 5 in Dodging
  7351 | D:8      | Found a bloodstained altar of Trog.
  7471 | D:8      | Found Litil's Antique Armour Shop.
  7488 | D:8      | Reached skill level 10 in Spellcasting
  7503 | D:8      | Bought a fabulously ornate robe for 165 gold pieces
  7513 | D:8      | Identified the +1 robe of Cheibriados's Hope {*Contam rF+ rC+ Regen+} (You bought it in a shop on level 8 of the Dungeon)
  7603 | D:8      | Learned a level 3 spell: Mephitic Cloud
  7609 | D:8      | Learned a level 5 spell: Venom Bolt
  8226 | D:8      | Noticed a two-headed ogre
  8243 | D:8      | Killed a two-headed ogre
  8243 | D:8      | Reached * piety under Vehumet
  8243 | D:8      | Offered knowledge of Sandblast by Vehumet.
  8243 | D:8      | Reached skill level 1 in Air Magic
  8243 | D:8      | Reached skill level 1 in Poison Magic
  8243 | D:8      | Reached XP level 10. HP: 31/56 MP: 25/26
  8246 | D:8      | Learned a level 1 spell: Sandblast
  8413 | D:8      | Killed Joseph
  8643 | D:9      | Noticed Maurice
  8808 | D:9      | Found a shimmering altar of Xom.
  8847 | D:9      | Found a deep blue altar of Sif Muna.
  9037 | D:9      | Found a glowing silver altar of Zin.
  9093 | D:9      | Reached skill level 11 in Spellcasting
  9256 | D:9      | Noticed Pikel
  9262 | D:9      | Killed Pikel
  9262 | D:9      | Reached skill level 1 in Earth Magic
  9389 | D:9      | Killed Maurice
  9586 | D:10     | Entered Level 10 of the Dungeon
  9974 | D:10     | Offered knowledge of Throw Frost by Vehumet.
  9978 | D:10     | Learned a level 2 spell: Throw Frost
 10033 | D:10     | Reached ** piety under Vehumet
 10399 | D:8      | Bought a pair of runed boots for 304 gold pieces
 10594 | D:11     | Noticed an unseen horror
 10604 | D:11     | Killed an unseen horror
 10604 | D:11     | Reached XP level 11. HP: 57/61 MP: 28/28
 10678 | D:11     | Found a staircase to the Orcish Mines.
 10738 | D:11     | Offered knowledge of Dazzling Spray by Vehumet.
 10738 | D:11     | Reached skill level 5 in Evocations
 10831 | D:11     | Found a staircase to the Lair.
 11238 | D:11     | Reached skill level 1 in Ice Magic
 11240 | D:11     | Reached *** piety under Vehumet
 11759 | Lair:1   | Entered Level 1 of the Lair of Beasts
 11828 | Lair:1   | Reached skill level 5 in Short Blades
 12174 | Lair:1   | Offered knowledge of Throw Icicle by Vehumet.
 12175 | Lair:1   | Reached skill level 12 in Spellcasting
 12405 | Lair:1   | Learned a level 4 spell: Throw Icicle
 12633 | Lair:1   | Noticed Sonja
 12635 | Lair:1   | Killed Sonja
 12939 | Lair:1   | Gained mutation: You are weak. (Str -2) [potion of mutation]
 12939 | Lair:1   | Gained mutation: You are frail. (-10% HP) [potion of mutation]
 12939 | Lair:1   | Gained mutation: Your movements are slightly less encumbered by armour. (ER -2) [potion of mutation]
 13235 | Lair:2   | Noticed a catoblepas
 13241 | Lair:2   | Killed a catoblepas
 13476 | Lair:2   | Reached **** piety under Vehumet
 13485 | Lair:2   | Reached XP level 12. HP: 60/60 MP: 30/30
 13635 | Lair:2   | Noticed a four-headed hydra
 13654 | Lair:2   | Killed a four-headed hydra
 13833 | Lair:2   | Found a hole to the Spider Nest.
 14013 | Lair:2   | Offered knowledge of Stone Arrow by Vehumet.
 14027 | Lair:2   | Learned a level 3 spell: Stone Arrow
 14501 | Lair:2   | Noticed a seven-headed hydra
 14523 | Lair:2   | Killed a seven-headed hydra
 14523 | Lair:2   | Reached skill level 5 in Fighting
 14882 | Lair:3   | Reached skill level 13 in Spellcasting
 14980 | Lair:3   | Noticed a queen ant
 14985 | Lair:3   | Killed a queen ant
 15384 | Lair:3   | Noticed Harold
 15398 | Lair:3   | Killed Harold
 15398 | Lair:3   | Reached skill level 5 in Earth Magic
 16111 | Lair:4   | Noticed a five-headed hydra
 16125 | Lair:4   | Killed a five-headed hydra
 16125 | Lair:4   | Reached skill level 5 in Poison Magic
 16608 | Lair:4   | Noticed a five-headed hydra
 16624 | Lair:4   | Killed a five-headed hydra
 16891 | Lair:4   | Reached XP level 13. HP: 58/64 MP: 28/32
 16957 | Lair:4   | Found a staircase to the Swamp.
 17822 | Lair:5   | Reached skill level 5 in Armour
 17854 | Lair:5   | Noticed Gorice's ghost (journeyman KoAM)
 18108 | Orc:1    | Entered Level 1 of the Orcish Mines
 18119 | Orc:1    | Reached ***** piety under Vehumet
 18140 | Orc:1    | Offered knowledge of Bolt of Cold by Vehumet.
 18366 | Orc:2    | Entered Level 2 of the Orcish Mines
 18709 | Orc:2    | Found a staircase to the Elven Halls.
 18710 | Orc:2    | Paralysed by an orc sorcerer for 4 turns
 18891 | Orc:1    | Slain by an orc warrior

Vault maps used:
D:1:      tarquinn_simple_flora_water_f
D:2:      guppyfry_early_orc_mine
D:3:      first_bread, minmay_box_of_dots
D:4:      patterned_corridor, uniq_crazy_yiuf_cottage, uniq_natasha
D:5:      hex_medium, minmay_misc_feat_hallway, grunt_ministairs_11
D:7:      nicolae_overflow_quartered_altars, serial_shops, kennysheep_mini_moat,
          cheibriados_altar_1
D:8:      nicolae_overflow_hidden_temple, serial_shops,
          nicolae_shop_overgrown_old_shop, uniq_joseph
D:9:      lemuel_doored_altar, led_sif_pool, basic_altar, uniq_maurice,
          uniq_pikel
D:10:     eino_curves_03
D:11:     minmay_lair_entry_lava, david_orc_2, grunt_livestock
Temple:   eino_temple_lava
Lair:1:   serial_bayou_shore_a, grunt_megastairs_2, uniq_sonja
Lair:2:   beast_lair_carwin_large_4, dummy_spider_entry,
          infiniplex_staircase_pool
Lair:3:   grunt_forest_stairs_basic, zaba_anthell, uniq_harold
Lair:4:   nicolae_swamp_entry_splash_gauntlet, nicolae_lair_grove_arrangements
Lair:5:   slime_altar_1, serial_bayou_shore_b, grunt_megastairs_4
Orc:1:    portal_ice_cave_entry_imps
Orc:2:    st_orc_mages, bh_open_orc_temple

Skill      XL: |  1  2  3  4  5  6  7  8  9 10 11 12 13 |
---------------+----------------------------------------+-----
Spellcasting   | 4 5 6 7 8 9 10 11 12 13 | 13.8
Conjurations   | 2 3 4 5 6 7 8 |  8.6
Fire Magic     | 4 5 6 7 8 |  8.7
Short Blades   | 1 2 4 5 6 |  6.7
Dodging        | 3 4 5 6 7 8 |  8.0
Fighting       | 1 2 3 4 5 |  5.5
Armour         | 1 2 3 4 5 |  5.1
Evocations     | 2 4 5 6 |  6.6
Air Magic      | 1 2 3 4 |  4.8
Poison Magic   | 1 2 3 5 |  5.4
Earth Magic    | 2 4 5 |  5.7
Ice Magic      | 2 4 |  4.3
Stealth        | |  2.4

Action                   |  1- 3 |  4- 6 |  7- 9 | 10-12 | 13-15 || total
-------------------------+-------+-------+-------+-------+-------++-------
Melee: Dagger            |   316 |     6 |    86 |   205 |    36 ||   649
 Cast: Flame Tongue      |    62 |    58 |   156 |   174 |    17 ||   467
       Throw Flame       |       |     4 |     5 |    23 |       ||    32
       Conjure Flame     |       |     1 |     5 |     8 |       ||    14
       Inner Flame       |       |     1 |     1 |     3 |       ||     5
       Sticky Flame      |       |     5 |    23 |    59 |    13 ||   100
       Venom Bolt        |       |       |       |    83 |    34 ||   117
       Mephitic Cloud    |       |       |       |     9 |     3 ||    12
       Fireball          |       |       |       |     3 |     6 ||     9
       Throw Frost       |       |       |       |    11 |       ||    11
 Abil: Stop Flying       |       |       |       |     1 |       ||     1
Evoke: Wand              |       |       |     5 |     2 |       ||     7
  Use: Scroll            |       |     5 |     7 |    13 |     2 ||    27
       Potion            |       |       |       |     2 |     7 ||     9
 Stab: Sleeping          |     6 |     4 |     4 |     8 |     1 ||    23
       Paralysed         |       |       |     3 |       |       ||     3
       Confused          |       |       |       |     2 |       ||     2
  Eat: Bread ration      |     1 |       |       |       |       ||     1
       Chunk             |       |     5 |    17 |    25 |     6 ||    53
       Beef jerky        |       |       |       |     4 |       ||     4
       Fruit             |       |       |       |     1 |       ||     1
       Meat ration       |       |       |       |     1 |     1 ||     2
Armor: Robe              |     8 |     4 |    40 |    88 |    20 ||   160
Dodge: Dodged            |    29 |    16 |   113 |   269 |    50 ||   477
